 Dungeon Crawl Stone Soup version 0.9.0-27-g8a39726 character file.

292 Uamenti the Grave Robber (level 4, 0/33 HPs)
             Began as a Demigod Necromancer on Sept 26, 2011.
             Killed by divine providence
             ... invoked by an orc priest
              (10 damage)
             ... on Level 4 of the Dungeon.
             The game lasted 00:06:44 (2535 turns).

Uamenti the Grave Robber (Demigod Necromancer)      Turns: 2535, Time: 00:06:45

HP   0/33        AC  2     Str 13      XL: 4   Next: 83%
MP   9/12        EV 12     Int 20      God:
Gold 150         SH  0     Dex 16      Spells:  2 memorised,  3 levels left

Res.Fire  : . . .   See Invis. : .   n - +2,+0 short sword
Res.Cold  : . . .   Warding    : . . a - +0 robe
Life Prot.: . . .   Conserve   : .   (no shield)
Res.Acid. : . . .   Res.Corr.  : .   (no helmet)
Res.Poison: .       Clarity    : .   (no cloak)
Res.Elec. : .       Spirit.Shd : .   (no gloves)
Sust.Abil.: . .     Stasis     : .   (no boots)
Res.Mut.  : .       Ctrl.Telep.: .   (no amulet)
Res.Rott. : .       Levitation : .   (no ring)
Saprovore : . . .   Ctrl.Flight: .   (no ring)

@: slowed, very slow, slightly resistant to hostile enchantments, fairly
stealthy
A: no striking features
a: no special abilities


You were on level 4 of the Dungeon.
You were near starving.

You visited 1 branch of the dungeon, and saw 4 of its levels.

You collected 130 gold pieces.

Inventory:

Hand weapons
 l - a +2,+0 elven short sword
 n - a +2,+0 short sword (weapon)
Missiles
 o - 3 curare-tipped +0 needles
Armour
 a - a +0 robe (worn)
Comestibles
 c - 3 bread rations
 m - a meat ration
Scrolls
 f - a scroll of random uselessness {unknown}
 h - a scroll of fear {unknown}
 i - a scroll of detect curse {unknown}
 k - a scroll of identify {unknown}
 p - a scroll of enchant weapon II {unknown}
 q - a scroll of teleportation {unknown}
 r - a scroll of enchant weapon I {unknown}
Potions
 d - a potion of resistance {unknown}
 e - a potion of degeneration {unknown}
 g - a potion of healing {unknown}
 j - 3 potions of heal wounds {unknown}
Books
 b - a book of Necromancy

   Spells                             Type                      Level
   *Pain                              Necromancy                   1
   Animate Skeleton                   Necromancy                   1
   Lethal Infusion                    Charms/Necromancy            2
   *Vampiric Draining                 Necromancy                   3
   Regeneration                       Charms/Necromancy            3
   Dispel Undead                      Necromancy                   4
   Animate Dead                       Necromancy                   4


   Skills:
 * Level 1 Fighting
 - Level 1 Short Blades
 * Level 2 Dodging
 - Level 2 Stealth
 - Level 1 Unarmed Combat
 * Level 2 Spellcasting
 * Level 5 Necromancy


You had 3 spell levels left.
You knew the following spells:

 Your Spells              Type           Power        Success   Level  Hunger
a - Pain                  Necr           ####.        Excellent   1    Sultana
b - Vampiric Draining     Necr           ####......   Great       3    Choko

Dungeon Overview and Level Annotations

Branches:
Dungeon (4/27)
 Temple: D:4-7


Message History

You start resting.
You are near starving!
You see here an orcish club.
An orc priest comes into view. It is wielding an orcish club.
The orc priest shouts!
An orc wizard comes into view. It is wielding an orcish dagger.
Unknown command.
The orc wizard shouts!
The orc wizard casts a spell at you.
You feel yourself slow down.
Unknown command.
The orc wizard gestures at you while chanting.
The magic dart hits you!
Unknown command.
Unknown command.
The orc priest mumbles some strange prayers to Beogh against you.
Pain shoots through your body!
The orc priest mumbles some strange prayers to Beogh against you.
Something smites you!
You die...

........).....###
########.........
# #......... #
#.o.)..... #
#....o.... +
#.#####... # #.#
#... # #.# #o..
#@# #...
#o........
#.........
..........
##########


You could see an orc priest and an orc wizard.

Vanquished Creatures
  An ogre (D:4)
  A giant mite (D:1)
  A giant gecko (D:1)
  2 orcs
  8 bats
  5 giant cockroaches
  5 goblins
  4 hobgoblins
  2 small snakes (D:1)
  3 giant newts (D:2)
  9 kobolds
  7 rats
  2 toadstools (D:1)
50 creatures vanquished.

Notes
Turn   | Place    | Note
--------------------------------------------------------------
     0 | D:1      | Uamenti, the Demigod Necromancer, began the quest for the Orb.
     0 | D:1      | Reached XP level 1. HP: 14/14 MP: 5/5
   408 | D:1      | Reached XP level 2. HP: 12/20 MP: 1/6
  1125 | D:1      | Reached XP level 3. HP: 22/26 MP: 8/8
  1263 | D:1      | Reached skill level 5 in Necromancy
  1443 | D:2      | Reached skill level 1 in Unarmed Combat
  2474 | D:4      | Reached skill level 1 in Fighting
  2474 | D:4      | Reached skill level 1 in Short Blades
  2474 | D:4      | Reached XP level 4. HP: 26/33 MP: 4/12
  2503 | D:4      | Learned a level 3 spell: Vampiric Draining
  2535 | D:4      | Killed from afar by an orc priest
